 Dungeon Crawl Stone Soup version 0.17-a0-1738-g82cdc46 (webtiles) character file.

51 TuckyLangle the Conjurer (level 3, -9/19 HPs)
             Began as a Deep Elf Conjurer on Aug 30, 2015.
             Killed from afar by Sigmund (11 damage)
             ... with a puff of flame
             ... on level 2 of the Dungeon.
             The game lasted 00:07:35 (1240 turns).

TuckyLangle the Conjurer (Deep Elf Conjurer)        Turns: 1240, Time: 00:07:35

Health: -9/19      AC:  2    Str:  5    XL:     3   Next: 58%
Magic:  2/9        EV: 13    Int: 20    God:
Gold:   59         SH:  0    Dex: 15    Spells: 2 memorised, 5 levels left

rFire  . . .     SeeInvis .     e - +0 dagger
rCold  . . .     Clarity  .     a - +0 robe
rNeg   . . .     SustAt   .     (no shield)
rPois  .         Gourm    .     (no helmet)
rElec  .         Spirit   .     (no cloak)
rCorr  .         Warding  .     (no gloves)
rMut   .         Stasis   .     (no boots)
MR     .....                    (no amulet)
Stlth  +.........               (no ring)
                                (no ring)

@: confused, lethally poisoned (-9 -> -14), not resistant to hostile
enchantments, very unstealthy
A: no striking features
a: no special abilities


You were on level 2 of the Dungeon.
You were not hungry.

You visited 1 branch of the dungeon, and saw 2 of its levels.

You collected 59 gold pieces.

Inventory:

Hand weapons
 e - a +0 dagger (weapon)
Armour
 a - a +0 robe (worn)
Scrolls
 d - a scroll of teleportation {unknown}
 f - 2 scrolls of identify {unknown}
 g - a scroll of magic mapping {unknown}
 i - 3 scrolls of enchant armour {unknown}
Potions
 h - a potion of magic {unknown}
Books
 b - a book of Conjurations

   Spells                             Type                      Level
   a - Magic Dart                     Conjuration                  1
   b - Searing Ray                    Conjuration                  2
   c - Dazzling Spray                 Conjuration/Hexes            3
   d - Fulminant Prism                Conjuration/Hexes            4
   e - Iskenderun's Mystic Blast      Conjuration                  4
   f - Iskenderun's Battlesphere      Conjuration/Charms           5


   Skills:
 - Level 2.4 Dodging
 - Level 2.4 Stealth
 - Level 3.0 Spellcasting
 * Level 5.9 Conjurations


You had 5 spell levels left.
You knew the following spells:

 Your Spells              Type           Power        Failure   Level  Hunger
a - Magic Dart            Conj           ####         1%          1    None
b - Searing Ray           Conj           ####..       1%          2    ##.....


Dungeon Overview and Level Annotations

Branches:
Dungeon (2/15)

Altars:

Annotations:
D:2 Sigmund


Message History

You are confused.
You're too confused to cast spells.
You bump into the rock wall.
Something hits you but does no damage.
You're too confused to cast spells.
Sorry, you're not good enough to have a special ability.
You're too confused to cast spells.
You bump into the rock wall.
Something hits you!
* * * LOW HITPOINT WARNING * * *
x2 You bump into the rock wall.
* * * LOW HITPOINT WARNING * * *
You feel sick.
You hear some strange, mumbled words.
You are more confused.
You see here an adder corpse.
You miss something.
You hear some strange, mumbled words.
A puff of flame appears from out of thin air!
The puff of flame hits you!
Ouch! That really hurt!
You die...

#.....# #.#..# ###.#..#
####>.....#
###.....^#..#
#......###..# #.##.###
#..## #..# ##..## #@##
#.†.# #.# #.#.#
.......g)# ##.#.##
...........###..#..#
.........#.......#.##
.........#####.#....###
.........# #.###<..<#
.........# #...#.#
.........# .....#.#


You could see a goblin.

Vanquished Creatures
  An adder (D:2)
  3 giant geckos (D:1)
  4 bats (D:1)
  5 goblins (D:1)
  8 hobgoblins (D:1)
  4 kobolds (D:1)
  2 ball pythons (D:1)
  2 giant cockroaches (D:1)
  A giant newt (D:1)
  4 rats
34 creatures vanquished.

Vanquished Creatures (others)
  4 toadstools (D:1)
4 creatures vanquished.

Grand Total: 38 creatures vanquished

Notes
Turn   | Place    | Note
--------------------------------------------------------------
     0 | D:1      | TuckyLangle the Deep Elf Conjurer began the quest for the Orb.
     0 | D:1      | Reached XP level 1. HP: 10/10 MP: 6/6
   218 | D:1      | Reached XP level 2. HP: 10/15 MP: 1/8
   310 | D:1      | Reached skill level 5 in Conjurations
   343 | D:1      | Learned a level 2 spell: Searing Ray
   828 | D:1      | Reached XP level 3. HP: 19/19 MP: 4/9
  1229 | D:2      | Noticed Sigmund
  1240 | D:2      | Killed from afar by Sigmund

Vault maps used:
D:1:      ldierk_walled_garden_2, minivault_25
D:2:      kennysheep_generic_room_14, uniq_sigmund

Action                   || total
-------------------------++-------
Melee: Unarmed           ||     8
       Dagger            ||    13
 Cast: Magic Dart        ||    59
       Searing Ray       ||     8
  Eat: Bread ration      ||     1
